 Dungeon Crawl Stone Soup version 0.15-a0-2075-ga361405 (webtiles) character file.

4396 N00bl0rd the Basher (level 10, 0/106 HPs)
             Began as an Ogre Fighter on July 14, 2014.
             Was an Initiate of Gozag.
             Slain by a wolf (2 damage)
             ... led by Grum
             ... on Level 8 of the Dungeon.
             The game lasted 00:28:59 (9220 turns).

N00bl0rd the Basher (Ogre Fighter)                  Turns: 9220, Time: 00:29:00

HP   0/106       AC  5     Str 31      XL: 10   Next: 35%
MP  10/10        EV 11     Int  7      God: Gozag
Gold 648         SH 10     Dex  9      Spells:  0 memorised,  9 levels left

rFire  . . .     SeeInvis +     H - +3 flail (crush)
rCold  . . .     Clarity  .     w - +0 robe
rNeg   . . .     rCorr    .     c - +0 shield
rPois  .         rRot     .     (helmet restricted)
rElec  .         Spirit   .     l - +1 cloak
SustAb +         Warding  .     (gloves unavailable)
rMut   .         Stasis   +     (boots unavailable)
Gourm  .                        F - amulet of stasis
MR     +....                    y - ring of sustain abilities
                                r - ring of see invisible

@: mighty, somewhat resistant to hostile enchantments, very unstealthy
A: unfitting armour, tough skin 1
a: Potion Petition, Call Merchant, Bribe Branch, Renounce Religion


You were on level 8 of the Dungeon.
You worshipped Gozag.
Gozag was noncommittal.
You were not hungry.

You visited 2 branches of the dungeon, and saw 10 of its levels.

You collected 815 gold pieces.
You paid 167 gold pieces to Gozag.

Inventory:

Hand weapons
 n - the -1 hand crossbow "Gemo" {elec, rC+ MR++}
   (You acquired it on level 8 of the Dungeon)

   It charges the ammunition it shoots with electricity; occasionally upon a
   hit, such missiles may discharge and cause terrible harm.
   It protects you from cold.
   It affects your resistance to hostile enchantments.
 u - a +0 flail of protection
 G - a +0 giant club of protection
 H - a +3 flail of crushing (weapon)
Armour
 c - a +0 shield (worn)
 l - a +1 cloak (worn)
 w - a +0 robe (worn)
Magical devices
 f - a wand of lightning (3)
 s - a wand of frost (1)
 t - a wand of digging (7)
 A - a wand of confusion (8)
 D - a wand of paralysis (9)
Comestibles
 d - 2 meat rations
 v - 5 bread rations
Scrolls
 g - 2 scrolls of enchant armour
 h - 3 scrolls of remove curse
 i - 3 scrolls of teleportation
 k - 4 scrolls of identify
 m - 4 scrolls of magic mapping
 z - a scroll of blinking
 E - a scroll of enchant weapon
 I - 2 scrolls of amnesia
Jewellery
 j - an uncursed amulet of resist mutation
 q - an uncursed ring of stealth
 r - a ring of see invisible (left hand)
 y - a ring of sustain abilities (right hand)
 F - an amulet of stasis (around neck)
Potions
 e - 2 potions of might
 K - a potion of flight
Books
 a - a book of Air

   Spells                             Type                      Level
   Shock                              Conjuration/Air              1
   Swiftness                          Charms/Air                   2
   Repel Missiles                     Charms/Air                   2
   Flight                             Charms/Air                   3
   Static Discharge                   Conjuration/Air              3
   Lightning Bolt                     Conjuration/Air              5
 C - a book of Wizardry

   Spells                             Type                      Level
   Agony                              Necromancy                   5
   Force Lance                        Conjuration                  5
   Dispersal                          Translocation                6
   Haste                              Charms                       6
   Invisibility                       Hexes                        6
   Spellforged Servitor               Conjuration/Summoning        7


   Skills:
 + Level 8.9 Fighting
 * Level 11.4 Maces & Flails
 + Level 2.7 Armour
 * Level 7.7 Dodging
 + Level 5.8 Shields


You had 9 spell levels left.
You didn't know any spells.

Dungeon Overview and Level Annotations

Branches:
Dungeon (9/15)             Temple (1/1) D:5
    Orc: D:9-12        Lair: D:8-11

Altars:
Ashenzari
Cheibriados
Dithmenos
Elyvilon
Fedhas
Gozag
Kikubaaqudgha
Makhleb
Nemelex Xobeh
Okawaru
Qazlal
Sif Muna
Trog
Vehumet
Xom
Yredelemnul
Zin
The Shining One


Innate Abilities, Weirdness & Mutations

You are too large for most types of armour.
You have tough skin (AC +1).


Message History

* * * LOW HITPOINT WARNING * * *
Unknown command.
You miss the wolf. You block the wolf's attack. The orc hits you.
* * * LOW HITPOINT WARNING * * *
The orc hits you with a flail!
* * * LOW HITPOINT WARNING * * *
Unknown command.
Drink which item? (? for menu, Esc to quit)
You feel better. You block the wolf's attack. The orc hits you.
* * * LOW HITPOINT WARNING * * *
You block the wolf's attack.
Unknown command.
You sock the wolf!
The wolf is severely wounded.
The bat is no longer distracted by gold.
The bat hits you but does no damage. The orc hits you with a flail.
* * * LOW HITPOINT WARNING * * *
The bat barely misses you. The wolf bites you.
You die...
Your body crumbles into a pile of gold.

#§§§§#.#§§§§# ###.....####..
##§§§#.#§§§#######....#...##...
##§§#.#§§####....######)......
####.#####.>.#### ##.....##
#### #...# #..## #(......#
#..####[..# ##.# ##...###..
.....##..## #.########....# ##.
.<.(....## #o$h..........## ##
.###(...# #o@b......###(.## #
## ##=(## ############))#
##).## ##..###.....## ##.#
##..## #...)(..###..#####.(##
##).# #......## ##...))....##
#... ## ##......##
#####).....####...
.###....##..## ###...[..)....
........###..## #.#####.(.##
#....#...###..# ### ##..#


You could see a wolf, 2 orcs and a bat.

Vanquished Creatures
  Grinder (D:5)
  The ghost of Herrn the Covered, an average GrFi (D:3)
  Grum (D:8)
  2 wolves (D:8)
  2 hippogriffs
  2 hungry ghosts (D:7)
  Edmund (D:5)
  2 sky beasts
  2 orc warriors
  3 ogres (D:5)
  A black bear (D:6)
  2 ice beasts
  A phantom (D:4)
  2 centaurs
  A big kobold (D:8)
  Blork the orc (D:8)
  4 giant frogs
  2 scorpions
  A troll skeleton (D:8)
  A quasit (D:7)
  A goliath beetle (D:7)
  8 hounds
  A crimson imp (D:5)
  7 orc priests
  7 orc wizards
  An iguana (D:8)
  6 worker ants
  A sky beast zombie (D:8)
  An ogre skeleton (D:7)
  A worker ant zombie (D:6)
  8 adders
  9 gnolls
  An inept item mimic (D:7)
  A goliath beetle zombie (D:8)
  A white imp (D:5)
  8 worms
  6 giant geckos
  20 orcs
  3 ball pythons
  A giant cockroach (D:1)
  9 goblins
  15 hobgoblins
  19 kobolds
  8 quokkas
  8 bats
  3 giant gecko skeletons
  A giant newt (D:1)
  A giant spore (D:6)
  2 goblin zombies (D:5)
  A hobgoblin zombie (D:5)
  21 jackals
  3 kobold skeletons (D:5)
  A kobold zombie (D:5)
  4 orc skeletons
  An orc zombie (D:5)
  10 rats
  11 ballistomycetes
243 creatures vanquished.

Vanquished Creatures (others)
  A giant mite zombie (D:8)
  2 giant spores
3 creatures vanquished.

Grand Total: 246 creatures vanquished

Notes
Turn   | Place    | Note
--------------------------------------------------------------
     0 | D:1      | N00bl0rd, the Ogre Fighter, began the quest for the Orb.
     0 | D:1      | Reached XP level 1. HP: 24/24 MP: 1/1
   109 | D:1      | Reached XP level 2. HP: 20/32 MP: 2/2
  1171 | D:2      | Reached XP level 3. HP: 21/40 MP: 3/3
  1672 | D:2      | Reached XP level 4. HP: 11/49 MP: 4/4
  2457 | D:1      | Reached skill level 5 in Fighting
  2510 | D:2      | Reached skill level 5 in Maces & Flails
  2705 | D:2      | Reached XP level 5. HP: 50/57 MP: 5/5
  2898 | D:2      | Found a burning altar of Makhleb.
  2898 | D:2      | Noticed a cacodemon
  2921 | D:2      | Noticed a ynoxinul
  2921 | D:2      | Noticed a hellwing
  3333 | D:3      | Noticed Herrn's ghost (average GrFi)
  4304 | D:3      | Killed Herrn's ghost
  4304 | D:3      | Reached skill level 6 in Maces & Flails
  4304 | D:3      | Reached XP level 6. HP: 14/67 MP: 6/6
  4655 | D:4      | Reached XP level 7. HP: 63/75 MP: 7/7
  4790 | D:4      | Reached skill level 7 in Maces & Flails
  5137 | D:4      | Reached XP level 8. HP: 40/84 MP: 8/8
  5279 | D:5      | Entered Level 5 of the Dungeon
  5376 | D:5      | Found a glowing golden altar of the Shining One.
  5447 | D:5      | Found a staircase to the Ecumenical Temple.
  5493 | D:5      | Reached skill level 5 in Dodging
  5581 | D:5      | Reached skill level 8 in Maces & Flails
  5648 | D:5      | Noticed Edmund
  5668 | D:5      | Killed Edmund
  5678 | D:5      | Identified a +0 rod of ignition (12/12) (You found it on level 3 of the Dungeon)
  5683 | D:5      | Found a white marble altar of Elyvilon.
  5683 | D:5      | Found a blossoming altar of Fedhas.
  5685 | D:5      | Found a radiant altar of Vehumet.
  6021 | D:5      | Noticed Grinder
  6029 | D:5      | Killed Grinder
  6029 | D:5      | Reached skill level 9 in Maces & Flails
  6244 | D:5      | Reached XP level 9. HP: 81/93 MP: 9/9
  6410 | D:6      | Reached skill level 5 in Shields
  6809 | D:6      | HP: 4/94 [orc wizard/magic dart (4)]
  7257 | D:6      | Reached skill level 1 in Armour
  7350 | Temple   | Entered the Ecumenical Temple
  7361 | Temple   | Became a worshipper of Gozag Ym Sagoz the Greedy
  7557 | D:7      | Reached skill level 10 in Maces & Flails
  8092 | D:7      | Reached XP level 10. HP: 51/106 MP: 10/10
  8385 | D:8      | Found a stormy altar of Qazlal.
  8415 | D:8      | Identified a scroll of acquirement
  8416 | D:8      | Got a shimmering hand crossbow
  8422 | D:8      | Identified the -1 hand crossbow "Gemo" {elec, rC+ MR++} (You acquired it on level 8 of the Dungeon)
  8554 | D:8      | Noticed Blork the orc
  8575 | D:8      | Killed Blork the orc
  8575 | D:8      | Reached skill level 11 in Maces & Flails
  8983 | D:9      | Noticed Grum
  9210 | D:8      | Killed Grum
  9213 | D:8      | HP: 3/106 [orc warrior/dire flail (26)]
  9213 | D:8      | HP: 1/106 [orc/flail (2)]
  9218 | D:8      | HP: 1/106 [orc/flail (7)]
  9220 | D:8      | Slain by a wolf

Action                   |  1- 3 |  4- 6 |  7- 9 | 10-12 || total
-------------------------+-------+-------+-------+-------++-------
Melee: Flail             |   110 |   266 |   434 |   125 ||   935
Evoke: Wand              |       |     2 |     2 |     2 ||     6
  Use: Scroll            |       |       |    11 |     4 ||    15
       Potion            |       |       |     8 |     5 ||    13
 Stab: Sleeping          |       |     2 |     3 |       ||     5
       Confused          |       |     1 |     1 |       ||     2
       Distracted        |       |       |     1 |       ||     1
  Eat: Chunk             |     2 |    10 |    10 |       ||    22
       Pizza             |       |       |     2 |       ||     2
       Meat ration       |       |       |       |     1 ||     1
       Beef jerky        |       |       |       |     1 ||     1
